 Dungeon Crawl Stone Soup version 0.18.1-48-g4cf74bf (webtiles) character file.

642 WarriorsX the Skirmisher (level 7, -2/59 HPs)
             Began as a Human Fighter on July 30, 2016.
             Slain by a mummy (12 damage)
             ... in an ossuary.
             The game lasted 00:11:00 (3238 turns).

WarriorsX the Skirmisher (Human Fighter)            Turns: 3238, Time: 00:11:00

Health: -2/59      AC:  7    Str: 18    XL:     7   Next: 81%
Magic:  7/7        EV:  7    Int: 12    God:
Gold:   157        SH:  9    Dex: 12    Spells: 0 memorised, 6 levels left

rFire  . . .     SeeInvis .     a - +1 long sword
rCold  . . .     Gourm    .     b - +0 scale mail
rNeg   . . .     Faith    .     c - +0 shield
rPois  .         Spirit   .     r - +0 helmet {Int+3}
rElec  .         Dismiss  .     (no cloak)
rCorr  .         Reflect  .     (no gloves)
SustAt .         Harm     .     (no boots)
MR     .....     Rnd*Tele +     (no amulet)
Stlth  ..........               (no ring)
                                g - ring of teleportation

@: not resistant to hostile enchantments, extremely unstealthy
A: no striking features
a: no special abilities


You were in an ossuary.
You were hungry.

You visited 1 branch of the dungeon, and saw 4 of its levels.
You also visited: Ossuary.

You collected 157 gold pieces.

Inventory:

Hand Weapons
 a - a +1 long sword (weapon)
Armour
 b - a +0 scale mail (worn)
 c - a +0 shield (worn)
 r - a +0 helmet of intelligence (worn)
Jewellery
 g - a ring of teleportation (left hand)
Wands
 u - a wand of lightning (0/15)
Scrolls
 h - a scroll of identify
Potions
 d - a potion of might
 e - 3 potions of lignification {unknown}
 i - a potion of degeneration {unknown}
 m - a potion of magic
 o - a potion of flight {unknown}
Books
 n - a Grand Grimoire

   Spells                             Type                      Level
   a - Monstrous Menagerie            Summoning                    7
   b - Summon Greater Demon           Summoning                    7
   c - Malign Gateway                 Summoning/Translocation      7
   d - Summon Horrible Things         Summoning                    8
Comestibles
 f - 4 bread rations
 p - 2 slices of pizza
 q - a meat ration


   Skills:
 + Level 6.3 Fighting
 + Level 5.9 Long Blades
 - Level 3.0 Armour
 - Level 3.0 Shields


You had 6 spell levels left.
You didn't know any spells.

Dungeon Overview and Level Annotations

Branches:
Dungeon (4/15)
 Temple: D:4-7

Altars:
Cheibriados
Kikubaaqudgha
Makhleb
Pakellas

Shops:
D:4 [


Message History

The mummy is lightly damaged.
The mummy barely misses you.
You completely miss the mummy.
The mummy is lightly damaged.
The mummy closely misses you.
You hit the mummy.
The mummy is moderately damaged.
You hit the mummy.
The mummy is heavily damaged.
You block the mummy's attack.
You hit the mummy.
The mummy is severely damaged.
You hit the mummy.
The mummy is almost destroyed.
The mummy hits you!
* * * LOW HITPOINT WARNING * * *
You barely miss the mummy.
The mummy is almost destroyed.
The mummy hits you!
You die...

. #...#...#
....#.###...# #..##.#
##..# #..#..# #..#
#..# #..#..# #.∩# #..#
#..#....Z#..# #..# #.#
#..####..#..#
#..#'#.#'#.M# ..#.∩#
#..#.....#.@# .#..#
#..##...##..## ##..#
#...#...#....# #...#
#...#...#....# #...#
#...##M##....## ##...#
#....#'#......###....#
#....................#
#....................#
######################


You could see a mummy.

Vanquished Creatures
  A phantom (D:4)
  An ogre (D:4)
  An elf zombie (Ossuary)
  A hound (D:4)
  A human zombie (Ossuary)
  3 orc wizards
  A worker ant (D:4)
  4 hound zombies (Ossuary)
  A mummy (Ossuary)
  A hound skeleton (D:4)
  3 adders
  2 oozes (D:1)
  3 adder zombies (Ossuary)
  A worm (D:3)
  4 dart slugs
  4 giant geckos
  10 orcs
  A giant cockroach (D:1)
  4 goblins
  5 hobgoblins
  3 jackals (D:1)
  5 kobolds
  A quokka (D:2)
  A ball python (D:3)
  2 bats
  8 giant newts
  7 goblin zombies (Ossuary)
  3 hobgoblin zombies (Ossuary)
  2 jackal zombies (Ossuary)
  A kobold zombie (Ossuary)
  3 orc zombies (Ossuary)
  5 quokka zombies (Ossuary)
  7 rats
  2 rat zombies (Ossuary)
102 creatures vanquished.

Notes
Turn   | Place    | Note
--------------------------------------------------------------
     0 | D:1      | WarriorsX the Human Fighter began the quest for the Orb.
     0 | D:1      | Reached XP level 1. HP: 18/18 MP: 1/1
    17 | D:1      | Reached XP level 2. HP: 20/24 MP: 2/2
   228 | D:1      | Reached XP level 3. HP: 30/30 MP: 3/3
   844 | D:2      | Reached skill level 4 in Fighting
   888 | D:2      | Reached XP level 4. HP: 27/37 MP: 4/4
  1307 | D:2      | Found a burning altar of Makhleb.
  1577 | D:3      | Found an ancient bone altar of Kikubaaqudgha.
  1672 | D:3      | Reached XP level 5. HP: 33/43 MP: 5/5
  2186 | D:3      | Found a snail-covered altar of Cheibriados.
  2239 | D:4      | Found Quxkoj's Armour Shop.
  2257 | D:4      | Noticed a phantom
  2296 | D:4      | Reached skill level 5 in Fighting
  2334 | D:4      | Found an oddly glowing altar of Pakellas.
  2368 | D:4      | Killed a phantom
  2368 | D:4      | Reached XP level 6. HP: 24/51 MP: 6/6
  2370 | D:4      | Noticed an ogre
  2482 | D:4      | Noticed an ogre
  2497 | D:4      | Killed an ogre
  2499 | D:4      | Reached XP level 7. HP: 24/57 MP: 7/7
  2729 | D:4      | Reached skill level 5 in Long Blades
  2760 | D:4      | Found a sand-covered staircase.
  2770 | Ossuary  | Entered an ossuary
  2913 | Ossuary  | Reached skill level 6 in Fighting
  3238 | Ossuary  | Slain by a mummy

Skill      XL: |  1  2  3  4  5  6  7 |
---------------+----------------------+-----
Fighting       | 4 5 6 |  6.3
Long Blades    | 3 4 5 |  5.9
Armour         | |  3.0
Shields        | |  3.0

Action                   |  1- 3 |  4- 6 |  7- 9 || total
-------------------------+-------+-------+-------++-------
Melee: Long sword        |    87 |   163 |   187 ||   437
Evoke: Wand              |       |       |     2 ||     2
  Use: Scroll            |       |     4 |     3 ||     7
       Potion            |       |     3 |     2 ||     5
  Eat: Chunk             |       |     4 |     2 ||     6
       Beef jerky        |       |       |     1 ||     1
Armor: Scale mail        |    39 |    50 |   111 ||   200
Dodge: Dodged            |    26 |    49 |    72 ||   147
Block: Shield            |    57 |    64 |   113 ||   234
